Map: Akropolis LE

Players

eSka - Winner!

  • Race: Protoss Protoss
  • League: Gold
  • Spawn Location: 11:00

K.I.-1 (Sehr schwer)

  • Race: Terran Terran
  • Spawn Location: 5:00

VOD

Have the link to the VOD?

Description

Time

  • Played on: Nov. 16, 2019, 1:33 p.m.
  • Length: 18:15
Show
View Real Time Build Order
Export as new Build Order

eSka Protoss - Winner!

Build Orders: Oracle Opening 

Get SALT Encoding   

  12  0:01  Probe  
  13  0:13  Probe  
  14  0:17  Pylon  
  14  0:25  Probe (Chrono Boost)  
  16  0:36  Probe (Chrono Boost)  
  16  0:39  Gateway  
  16  0:41  Probe  
  17  0:50  Assimilator  
  17  0:54  Assimilator  
  17  0:58  Probe (Chrono Boost)  
  18  1:10  Probe (Chrono Boost)  
  19  1:17  Probe (Chrono Boost)  
  20  1:28  Cybernetics Core  
  20  1:32  Cybernetics Core  
  20  1:36  Probe  
  21  1:42  Pylon  
  21  1:48  Probe  
  22  2:09  Stargate  
  22  2:14  Warp Gate  
  22  2:19  Stalker  
  24  2:26  Nexus  
  24  2:35  Pylon  
  24  2:53  Oracle (Chrono Boost)  
  27  3:07  Zealot  
  29  3:27  Oracle (Chrono Boost)  
  29  3:33  Probe  
  33  3:44  Gateway x2  
  33  3:45  Probe  
  33  3:47  Gateway  
  34  3:57  Probe  
  34  4:02  Oracle  
  38  4:09  Probe  
  39  4:21  Probe  
  40  4:43  Twilight Council  
  40  4:45  Probe x2 (Chrono Boost), Pylon  
  42  4:46  Pylon  
  42  4:55  Probe x2 (Chrono Boost)  
  44  5:00  Probe x2 (Chrono Boost)  
  46  5:11  Probe x2  
  48  5:23  Probe x2  
  47  5:32  Charge (Chrono Boost)  
  47  5:35  Probe x2, Zealot x4  
  57  5:46  Robotics Facility  
  57  5:51  Gateway x2  
  57  5:59  Assimilator  
  57  6:01  Assimilator  
  57  6:05  Zealot  
  57  6:08  Nexus  
  57  6:11  Pylon  
  59  6:13  Assimilator  
  53  6:34  Zealot x4  
  53  6:38  Immortal (Chrono Boost)  
  61  6:42  Probe  
  61  6:46  Probe (Chrono Boost)  
  67  6:54  Probe (Chrono Boost)  
  69  7:04  Probe (Chrono Boost)  
  69  7:05  Probe (Chrono Boost)  
  70  7:09  Pylon  
  70  7:10  Probe (Chrono Boost), Observer  
  70  7:11  Probe (Chrono Boost)  
  70  7:14  Pylon  
  73  7:16  Pylon  
  73  7:18  Pylon  
  73  7:22  Probe (Chrono Boost)  
  75  7:23  Probe (Chrono Boost)  
  76  7:30  Forge x2  
  76  7:32  Probe (Chrono Boost)  
  76  7:33  Pylon  
  76  7:34  Probe (Chrono Boost)  
  76  7:35  Pylon, Immortal (Chrono Boost)  
  78  7:37  Probe (Chrono Boost)  
  78  7:39  Probe (Chrono Boost)  
  78  7:40  Probe (Chrono Boost)  
  84  7:45  Probe  
  84  7:49  Probe (Chrono Boost), Dark Shrine  
  84  7:51  Probe (Chrono Boost)  
  87  7:55  Assimilator  
  88  7:59  Protoss Ground Weapons Level 1 (Chrono Boost)  
  88  8:00  Protoss Ground Armor Level 1 (Chrono Boost)  
  88  8:01  Probe (Chrono Boost)  
  88  8:03  Probe (Chrono Boost)  
  90  8:06  Probe (Chrono Boost)  
  90  8:08  Warp Prism (Chrono Boost)  
  90  8:11  Probe (Chrono Boost)  
  90  8:12  Zealot  
  95  8:13  Probe (Chrono Boost)  
  96  8:24  Zealot x4  
  96  8:25  Zealot  
  106  8:40  Probe x3  
  109  8:52  Probe x3  
  112  9:02  Dark Templar  
  114  9:03  Dark Templar x3  
  120  9:32  Nexus  
  120  9:36  Assimilator  
  120  9:39  Shadow Stride  
  120  9:40  Assimilator  
  120  9:41  Pylon  
  120  9:42  Immortal  
  120  9:43  Pylon  
  120  9:44  Zealot x3  
  120  9:45  Zealot x2, Pylon  
  134  9:47  Pylon  
  134  10:05  Dark Templar x2  
  134  10:06  Dark Templar x2  
  136  10:25  Dark Templar x2  
  136  10:29  Protoss Ground Weapons Level 2 (Chrono Boost), Protoss Ground Armor Level 2 (Chrono Boost)  
  124  10:42  Immortal (Chrono Boost)  
  124  10:47  Zealot x2  
  124  10:48  Zealot x2  
  136  10:58  Templar Archives  
  136  11:02  Probe, Gateway x2  
  136  11:03  Probe x2  
  139  11:04  Probe  
  139  11:05  Gateway  
  140  11:12  Immortal (Chrono Boost), Gateway  
  140  11:16  Sentry  
  140  11:17  Sentry x5  
  156  11:24  Psionic Storm  
  156  11:42  Immortal (Chrono Boost)  
  156  11:43  Zealot x5  
  156  11:44  Zealot  
  171  11:58  High Templar x2  
  175  12:04  High Templar x2  
  165  12:22  Pylon  
  165  12:25  Pylon  
  165  12:27  Pylon  
  165  12:29  Zealot x3  
  137  12:30  Zealot x5  
  127  12:41  Zealot x2  
  125  12:54  Stalker  
  125  12:55  Stalker x4  
  125  12:56  Stalker x2  
  132  13:20  Archon  
  116  13:30  Zealot x7  
  116  13:31  Zealot x3  
  122  14:03  Zealot x7  
  122  14:04  Zealot x3  
  118  14:33  Zealot  
  118  14:34  Zealot x9  
  124  16:01  Stalker x4  
  124  16:02  Stalker x3  
  124  16:03  Stalker x3  
Show
View Real Time Build Order
Export as new Build Order

K.I.-1 (Sehr schwer) Terran 

Build Orders:  

Get SALT Encoding   

  12  0:00  SCV  
  13  0:13  SCV  
  14  0:17  Supply Depot  
  14  0:25  SCV  
  15  0:39  SCV  
  16  0:43  Barracks  
  16  0:51  SCV  
  17  1:03  SCV  
  18  1:15  SCV  
  19  1:18  Command Center  
  19  1:33  Marine, Orbital Command  
  20  1:44  Supply Depot  
  20  1:49  Refinery  
  20  1:50  Marine  
  21  1:59  SCV  
  22  2:08  Marine, Barracks  
  22  2:11  SCV  
  22  2:14  Refinery  
  24  2:23  SCV  
  24  2:26  Marine  
  24  2:28  Supply Depot  
  26  2:30  SCV  
  27  2:42  Orbital Command  
  27  2:44  Marine  
  27  2:48  SCV  
  29  2:58  Factory  
  29  3:00  SCV  
  29  3:01  Marine  
  29  3:05  Marine  
  32  3:08  SCV  
  34  3:12  SCV  
  34  3:19  Marine  
  35  3:20  SCV  
  35  3:23  Marine  
  35  3:24  SCV  
  38  3:27  Barracks  
  38  3:32  SCV  
  39  3:37  SCV  
  39  3:38  Barracks Tech Lab  
  39  3:41  Barracks Tech Lab  
  40  3:42  Factory Tech Lab  
  40  3:44  SCV  
  40  3:46  Starport  
  41  3:49  SCV  
  42  3:56  Marine, SCV  
  42  3:57  Stimpack  
  42  3:59  Marine  
  42  4:00  Combat Shield  
  42  4:01  SCV  
  46  4:06  Supply Depot  
  46  4:11  SCV  
  46  4:13  SCV  
  45  4:23  SCV  
  40  4:26  SCV  
  41  4:35  Marine, SCV  
  41  4:36  Marine  
  41  4:38  SCV  
  45  4:39  Marine  
  46  4:47  SCV  
  46  4:50  SCV  
  46  4:51  Supply Depot  
  46  4:52  Medivac  
  50  4:59  SCV  
  51  5:02  SCV  
  51  5:03  Marauder  
  51  5:05  Marauder  
  56  5:11  SCV  
  56  5:14  Refinery, SCV  
  57  5:18  Supply Depot  
  58  5:21  Refinery  
  58  5:23  SCV  
  58  5:24  Marauder  
  58  5:26  Barracks Reactor, SCV  
  58  5:27  Marauder  
  64  5:35  Siege Tank  
  67  5:36  SCV  
  67  5:40  SCV  
  69  5:43  Supply Depot  
  69  5:45  Marauder  
  69  5:48  SCV, Marauder  
  74  5:52  SCV  
  75  6:00  SCV  
  77  6:04  SCV  
  77  6:06  Supply Depot  
  77  6:07  Siege Tank, Marauder  
  77  6:10  Marauder  
  84  6:12  SCV  
  84  6:16  SCV  
  84  6:18  Concussive Shells  
  86  6:28  Engineering Bay, SCV x2  
  86  6:29  Supply Depot, Marauder  
  86  6:31  Marauder  
  92  6:40  SCV  
  92  6:42  Engineering Bay  
  93  6:51  Siege Tank  
  93  6:54  Terran Infantry Armor Level 1, Barracks  
  96  6:55  Supply Depot  
  96  6:56  Missile Turret  
  96  7:00  Missile Turret, Starport Reactor  
  96  7:08  Terran Infantry Weapons Level 1  
  96  7:09  Marine  
  97  7:16  Marine  
  97  7:19  Supply Depot  
  97  7:20  Missile Turret, Command Center  
  98  7:23  Siege Tank  
  98  7:27  Marauder  
  103  7:34  Marauder  
  103  7:36  Medivac  
  107  7:39  Missile Turret  
  107  7:44  Supply Depot  
  107  7:55  Medivac, Siege Tank  
  112  8:00  Missile Turret  
  112  8:10  Supply Depot  
  112  8:18  Factory  
  112  8:28  Widow Mine  
  112  8:30  Starport  
  112  8:33  SCV x3  
  117  8:34  Barracks  
  117  8:40  Refinery  
  117  8:42  Missile Turret  
  117  8:45  SCV  
  117  8:46  SCV  
  117  8:47  SCV  
  120  8:49  Widow Mine  
  120  8:50  Missile Turret  
  122  8:57  SCV  
  122  8:58  SCV  
  122  9:00  SCV  
  122  9:01  Widow Mine  
  122  9:02  Supply Depot  
  127  9:06  Starport Tech Lab  
  127  9:09  SCV  
  128  9:10  Armory, Widow Mine  
  128  9:11  SCV  
  128  9:12  SCV  
  132  9:21  SCV  
  132  9:23  SCV, Factory Tech Lab  
  134  9:24  SCV  
  134  9:25  Supply Depot  
  134  9:26  Raven  
  137  9:31  Siege Tank  
  137  9:33  SCV  
  137  9:35  SCV  
  137  9:36  SCV  
  143  9:42  Refinery  
  143  9:44  Armory  
  143  9:48  Hi-Sec Auto Tracking  
  143  9:49  Orbital Command  
  143  9:53  Command Center  
  143  9:58  Terran Infantry Weapons Level 2, Terran Vehicle Weapons Level 1  
  143  10:02  Barracks Tech Lab  
  143  10:05  Marine  
  143  10:06  Marine  
  145  10:07  Marine  
  145  10:09  Raven, Medivac, Supply Depot  
  145  10:10  SCV, Rapid Reignition System  
  145  10:11  SCV  
  143  10:14  SCV  
  143  10:19  Siege Tank  
  143  10:21  Widow Mine  
  142  10:22  SCV  
  142  10:23  SCV  
  142  10:26  SCV  
  145  10:29  Marine  
  145  10:31  Marine  
  145  10:32  Marine x2  
  145  10:33  Terran Vehicle And Ship Armor Level 1  
  145  10:34  SCV, Marine  
  145  10:35  SCV  
  151  10:37  Marine  
  151  10:42  Cyclone, Supply Depot  
  155  10:46  Liberator  
  155  10:47  Marine  
  156  10:51  Cyclone  
  159  11:03  Medivac, Marine  
  165  11:05  Supply Depot  
  165  11:06  SCV x2  
  165  11:07  SCV  
  168  11:12  Planetary Fortress  
  168  11:13  Refinery  
  168  11:14  Siege Tank  
  168  11:17  Missile Turret  
  171  11:19  Missile Turret, Neosteel Armor  
  171  11:20  Liberator  
  171  11:22  Refinery  
  171  11:23  Command Center  
  171  11:28  Siege Tank  
  171  11:30  SCV  
  174  11:39  Marauder  
  179  11:40  Marauder  
  179  11:42  Marine  
  179  11:43  Marine  
  179  11:44  Marine  
  179  11:45  Viking  
  179  11:46  Widow Mine  
  188  11:51  Viking  
  190  11:59  Terran Vehicle Weapons Level 2  
  190  12:00  Widow Mine  
  192  12:10  Marine  
  192  12:13  Marine, Marauder  
  192  12:14  Ghost Academy, Marauder  
  198  12:15  Viking  
  194  12:23  Viking  
  194  12:24  Marine x2  
  194  12:28  Marauder  
  164  12:30  Medivac, Marine  
  164  12:34  Marauder  
  164  12:35  Marine  
  132  12:41  Refinery, Marine, Planetary Fortress  
  132  12:42  Marine  
  121  12:44  Missile Turret  
  121  12:45  Viking  
  121  12:46  Refinery  
  121  12:48  Marine  
  121  12:49  Missile Turret  
  121  12:50  Marauder  
  118  12:52  Ghost  
  118  12:55  Ghost  
  116  12:59  Marine x2  
  116  13:03  SCV  
  118  13:06  Marine  
  118  13:07  Medivac  
  118  13:10  Viking  
  118  13:11  Marauder  
  125  13:15  Viking  
  125  13:17  SCV, Marine x2  
  125  13:19  SCV x2  
  120  13:22  SCV, Marauder  
  120  13:23  Ghost  
  120  13:24  Marine  
  120  13:25  SCV  
  110  13:29  SCV  
  110  13:31  SCV  
  110  13:32  Ghost  
  110  13:33  SCV  
  89  13:35  SCV, Marine  
  89  13:36  Marine  
  89  13:37  Medivac  
  89  13:40  SCV  
  82  13:42  Marine, SCV  
  82  13:43  Marauder  
  82  13:47  SCV  
  77  13:49  SCV  
  77  13:52  SCV  
  77  13:53  Marine, Marauder  
  77  13:54  Marine  
  77  13:55  SCV  
  75  13:59  SCV, Marine  
  75  14:00  Ghost  
  76  14:04  Marauder  
  76  14:08  SCV  
  75  14:10  Marine  
  75  14:12  Marine  
  75  14:13  SCV  
  75  14:14  Marauder  
  71  14:17  Marine  
  71  14:23  SCV  
  63  14:25  Marine  
  63  14:27  Command Center  
  63  14:28  Marine  
  63  14:30  Marine, Marauder  
  65  14:35  Marine x2  
  46  14:51  Marine  
  38  14:53  Marine  
  38  14:56  Marine  
  38  14:57  Marine  
  38  14:59  Marine  
  42  15:04  Marine  
  43  15:10  SCV, Marauder  
  43  15:11  Marine  
  32  15:22  Marauder  
  29  15:49  Command Center  
  14  16:28  SCV  
  14  16:31  SCV  
  17  16:42  Command Center  
  17  16:45  SCV  
  18  16:52  Barracks  
Tags
 
League
Gold
Matchup
PvT
Spawn Locations
Cross Positions
Add a new tag
Caveats
  • Supply blocks, unpowered buildings, or Contaminate may cause inaccurate times.
  • Supply counts are checked every 10 seconds.